 Dungeon Crawl Stone Soup version 0.13.0-25-g43d4df3 (webtiles) character file.

165 Leibowitz the Sneak (level 4, 0/30 HPs)
             Began as a Kobold Fighter on Oct 27, 2013.
             Succumbed to poison (a potion of poison)
             ... on Level 2 of the Dungeon.
             The game lasted 00:04:47 (1558 turns).

Leibowitz the Sneak (Kobold Fighter)                Turns: 1558, Time: 00:04:48

HP   0/30        AC  4     Str 13 (15) XL: 4   Next: 92%
MP   3/3         EV 15     Int  6      God:
Gold 72          SH 13     Dex 15      Spells:  0 memorised,  3 levels left

Res.Fire  : . . .   See Invis. : .   a - +0 short sword
Res.Cold  : . . .   Warding    : .   i - +0 leather armour
Life Prot.: . . .   Conserve   : .   c - +0 buckler
Res.Poison: .       Res.Corr.  : .   (no helmet)
Res.Elec. : .       Clarity    : .   m - +0 cloak
Sust.Abil.: . .     Spirit.Shd : .   (no gloves)
Res.Mut.  : .       Stasis     : .   (no boots)
Res.Rott. : .       Flight     : .   (no amulet)
Saprovore : + + .                    (no ring)
                                     (no ring)

@: mildly poisoned, slightly resistant to hostile enchantments, quite stealthy
A: disease resistance, carnivore 3, saprovore 2
a: no special abilities


You were on level 2 of the Dungeon.
You were very full.

You visited 1 branch of the dungeon, and saw 2 of its levels.

You collected 52 gold pieces.

Inventory:

Hand weapons
 a - a +0,+0 short sword (weapon)
Missiles
 j - 16 poisoned needles
 k - 19 darts of frost (quivered)
Armour
 c - a +0 buckler (worn)
 i - a +0 leather armour (worn)
 m - a +0 cloak (worn)
Comestibles
 b - a rotting chunk of goblin flesh
 d - a meat ration
Scrolls
 e - a scroll of curse jewellery {unknown}
 f - a scroll of recharging {unknown}
 g - 2 scrolls of identify {unknown}
 h - a scroll of remove curse {unknown}
 l - a scroll of teleportation {unknown}
 o - a scroll of magic mapping {unknown}


   Skills:
 * Level 6.4 Fighting
 + Level 5.1 Short Blades
 + Level 3.8 Armour
 * Level 5.6 Dodging
 * Level 6.6 Stealth
 * Level 4.8 Shields


You had 3 spell levels left.
You didn't know any spells.

Dungeon Overview and Level Annotations

Branches:
Dungeon (2/27)

Altars:
Kikubaaqudgha
Nemelex Xobeh


Innate Abilities, Weirdness & Mutations

You recuperate from illness quickly.
You are small and have problems with some larger weapons.
You are carnivorous and can eat meat at any time.
You can eat rotten meat.


Message History

You start resting.
* * * LOW HITPOINT WARNING * * *
You feel sick.
You start resting.
* * * LOW HITPOINT WARNING * * *
You feel sick.
You start resting.
* * * LOW HITPOINT WARNING * * *
You feel sick.
You start resting.
* * * LOW HITPOINT WARNING * * *
You feel sick.
You start resting.
* * * LOW HITPOINT WARNING * * *
You feel sick.
You start resting.
* * * LOW HITPOINT WARNING * * *
You feel sick.
You start resting.
You die...

.#####... #.# ##
#..## #.# #...
#.# ##.# #.# #
#.###### ###.
#......# #....
######.#
##.....#######.#
........@...##.#
##.....####.##.##
##### #....
#.#.#.## ...%#
###. #..###.##
###.# # #.## ##.#
.##.# ##.###.##
.##.#
#######.#.##
.##.# #........##
.##.# #.#####.##


There were no monsters in sight!

Vanquished Creatures
  Ijyb (D:2)
  An adder (D:2)
  A giant mite (D:1)
  A giant gecko (D:1)
  A hobgoblin (D:2)
  A quokka (D:2)
  7 bats
  2 giant cockroaches
  3 giant newts (D:1)
  7 goblins
  7 kobolds
  A rat (D:1)
33 creatures vanquished.

Notes
Turn   | Place    | Note
--------------------------------------------------------------
     0 | D:1      | Leibowitz, the Kobold Fighter, began the quest for the Orb.
     0 | D:1      | Reached XP level 1. HP: 14/14 MP: 0/0
    50 | D:1      | Reached XP level 2. HP: 17/19 MP: 1/1
   491 | D:1      | Reached skill level 1 in Dodging
   543 | D:1      | Reached XP level 3. HP: 17/24 MP: 2/2
   986 | D:2      | Noticed Ijyb
  1011 | D:2      | Reached skill level 6 in Fighting
  1011 | D:2      | Reached skill level 5 in Short Blades
  1011 | D:2      | Reached skill level 5 in Dodging
  1011 | D:2      | Reached XP level 4. HP: 15/30 MP: 3/3
  1036 | D:2      | Killed Ijyb
  1414 | D:2      | Found an ancient bone altar of Kikubaaqudgha.
  1415 | D:2      | Found a sparkling altar of Nemelex Xobeh.
  1556 | D:2      | HP: 1/30 [poison (a potion of poison)]
  1558 | D:2      | Succumbed to poison (a potion of poison)

Action                   |  1- 3 |  4- 6 || total
-------------------------+-------+-------++-------
Melee: Short sword       |    78 |    56 ||   134
  Use: Potion            |     1 |     3 ||     4
 Stab: Sleeping          |     1 |       ||     1
